 Dungeon Crawl Stone Soup version 0.24.1-14-gf8d2b509d9 (webtiles) character file.

Game seed: 14651098005211614834, levelgen mode: deterministic

30956 Bodigarde the Spear-Bearer (level 13, -1/110 (111) HPs)
             Began as a Purple Draconian Wizard on May 28, 2020.
             Was an Elder of Nemelex Xobeh.
             Slain by a yak (5 damage)
             ... on level 5 of the Lair of Beasts on May 29, 2020.
             The game lasted 02:17:20 (29813 turns).

Bodigarde the Spear-Bearer (DrWz)                  Turns: 29813, Time: 02:17:21

HP:   -1/110 (111)  AC:  9    Str: 12    XL:     13   Next: 23%
MP:   7/26          EV: 15    Int: 24    God:    Nemelex Xobeh [****..]
Gold: 300           SH:  0    Dex: 10    Spells: 5/30 levels left

rFire    + . .     SeeInvis .   a - +0 trident
rCold    . . .     Gourm    .   (no shield)
rNeg     . . .     Faith    .   (armour unavailable)
rPois    .         Spirit   .   g - +0 hat
rElec    .         Reflect  .   (no cloak)
rCorr    .         Harm     .   n - +0 pair of gloves {Str+3}
MR       ++...                  (no boots)
Stlth    ++........             (no amulet)
HPRegen  0.28/turn              I - ring of protection from magic
MPRegen  0.20/turn              u - ring of protection from fire (curse)

@: lethally poisoned (-1 -> -8), about to teleport, invisible
A: breathe power, unfitting armour, cold-blooded, AC +8
a: Breathe Dispelling Energy, Draw Escape, Draw Destruction, Draw Summoning,
Triple Draw, Deal Four, Renounce Religion


You were on level 5 of the Lair of Beasts.
You worshipped Nemelex Xobeh.
Nemelex Xobeh was greatly pleased with you.
You were hungry.

You visited 3 branches of the dungeon, and saw 18 of its levels.

You collected 1015 gold pieces.
You spent 715 gold pieces at shops.

Inventory:

Hand Weapons
 a - a +0 trident (weapon)
Missiles
 h - 367 stones
 j - 13 boomerangs
 B - 38 poisoned darts (quivered)
 G - 5 throwing nets
Armour
 g - a +0 hat (worn)
 n - a +0 pair of gloves of strength (worn)
Jewellery
 t - an uncursed ring of positive energy
 u - a cursed ring of protection from fire (right hand)
 I - a ring of protection from magic (left hand)
Wands
 q - a wand of enslavement (10)
 r - a wand of acid (28)
 D - a wand of paralysis (10)
 R - a wand of clouds (4)
Scrolls
 b - a scroll of enchant weapon {unknown}
 d - a scroll of blinking
 o - 2 scrolls of magic mapping
 w - a scroll of random uselessness {unknown}
 y - 5 scrolls of remove curse
 z - a scroll of teleportation
 A - a scroll of fog {unknown}
 H - a scroll of enchant armour {unknown}
 J - a scroll of summoning
 K - a scroll of fear
 L - a scroll of identify
 Q - a scroll of torment {unknown}
Potions
 e - 6 potions of lignification
 f - a potion of degeneration
 i - a potion of cancellation
 k - 2 potions of invisibility
 l - 5 potions of curing
 m - 5 potions of agility
 p - 4 potions of might
 s - a potion of brilliance
 v - a potion of flight {unknown}
 x - 2 potions of berserk rage {unknown}
 C - a potion of mutation {unknown}
 F - a potion of heal wounds {unknown}
 M - a potion of haste {unknown}
Comestibles
 c - 16 rations


   Skills:
 + Level 9.6 Fighting
 * Level 11.3 Polearms
 + Level 8.2 Dodging
 + Level 3.4 Stealth
 + Level 9.0 Spellcasting
 + Level 5.3 Conjurations
 - Level 5.0 Hexes
 - Level 3.0 Summonings
 - Level 3.0 Translocations
 - Level 3.0 Fire Magic
 - Level 3.0 Air Magic
 + Level 7.1 Earth Magic
 - Level 3.0 Poison Magic
 - Level 5.5 Invocations


You had 5 spell levels left.
You knew the following spells:

 Your Spells              Type           Power        Failure   Level  Hunger
a - Magic Dart            Conj           ####         1%          1    None
b - Call Imp              Summ           ####....     2%          2    None
c - Blink                 Tloc           N/A          2%          2    None
d - Conjure Flame         Conj/Fire      ####....     3%          3    None
e - Confusing Touch       Hex            #####.       1%          1    None
f - Mephitic Cloud        Conj/Pois/Air  ####....     3%          3    None
g - Lee's Rapid Deconstr  Erth           #####.....   9%          5    ####...
h - Fulminant Prism       Conj/Hex       #####.....   7%          4    ##.....
i - Iskenderun's Mystic   Conj           #####...     7%          4    ##.....

Your spell library contained the following spells:

 Spells                   Type           Power        Failure   Level  Hunger
 Sandblast                Erth           #####.       1%          1    None
 Passwall                 Tmut/Erth      ####....     1%          2    None
 Searing Ray              Conj           #####.       1%          2    None
 Slow                     Hex            #####...     1%          2    None
 Dazzling Spray           Conj/Hex       #####.       1%          3    None
 Stone Arrow              Conj/Erth      #####.       1%          3    None
 Confuse                  Hex            #####...     2%          3    None
 Gell's Gravitas          Tloc           ####......   4%          3    None
 Force Lance              Conj/Tloc      ####....     11%         4    ##.....
 Petrify                  Tmut/Erth      ####....     13%         4    ##.....
 Metabolic Englaciation   Hex/Ice        ###.......   50%         5    ####...
 Yara's Violent Unravell  Hex/Tmut       ###.......   50%         5    ####...


Dungeon Overview and Level Annotations

Branches:
Dungeon (12/15)            Temple (1/1) D:6            Lair (6/6) D:11
  Swamp (0/4) Lair:3        Slime (0/5) Lair:5          Orc (0/2) D:11
  Snake: Lair:2-4    Spider: Lair:2-4

Altars:
Ashenzari
Cheibriados
Dithmenos
Elyvilon
Fedhas
Gozag
Hepliaklqana
Kikubaaqudgha
Makhleb
Nemelex Xobeh
Okawaru
Qazlal
Ru
Sif Muna
Trog
Uskayaw
Vehumet
Wu Jian
Xom
Yredelemnul
Zin
The Shining One
Jiyva

Shops:
D:4 !*=[:   D:6 %

Annotations:
D:4 2 runed translucent doors, evildog's ghost, novice GrFi
D:6 2 transporters, Curus's ghost, novice HOBe
D:9 3 runed translucent doors
Lair:3 3 runed translucent doors, Dikli's ghost, journeyman MiBe


Innate Abilities, Weirdness & Mutations

You can breathe bolts of dispelling energy.
Your rich purple scales are hard. (AC +8)
You cannot fit into any form of body armour.
You are cold-blooded and may be slowed by cold attacks.


Message History

You feel sick.
A six-headed hydra comes into view.
You feel sick. The yak gores you but does no damage.
A wolf comes into view.
The wolf barely misses you.
As you read the scroll of teleportation, it crumbles to dust.
You feel strangely unstable.
You feel sick.
The wolf howls!
The yak gores you!
* * * LOW HITPOINT WARNING * * *
The wolf bites you but does no damage. The yak closely misses you.
Unknown command.
Okay, then.
You fade into invisibility!
You feel sick. The yak barely misses you. The water moccasin misses you.
The wolf bites you!
* * * LOW HITPOINT WARNING * * *
The yak gores you.
You die...
Your body glows slightly and disappears.

#.#P..##P.)........
#.............#.........
.............###........
##......................
#......................
#......................
#...........#......D#
#.#.#.####.....YY....#..
####.## #.....Y@h......
## #.....YhS..P...
#......h...#...
#..............
.................
.....h...........
..................
##..#.............
###.............


You could see a six-headed hydra, 4 yaks, a water moccasin and 4 wolves.

Vanquished Creatures
  An entropy weaver (D:8)
  Josephine (D:11)
  Harold (D:8)
  2 hydras
  Erica (D:8)
  A two-headed ogre (D:9)
  Urug (D:11)
  4 lindwurms (Lair:3)
  An ugly thing (D:11)
  An oklob plant (Lair:2)
  A cyclops (D:11)
  A black mamba (D:11)
  4 spiny frogs
  A kobold demonologist (D:11)
  2 rime drakes
  2 komodo dragons
  A troll (D:10)
  A hornet (D:9)
  7 blink frogs
  5 hippogriffs
  A wyvern (Lair:2)
  A hog (D:3)
  28 yaks
  5 wraiths (D:11)
  3 hungry ghosts
  7 water moccasins
  11 porcupines
  A phantom (D:4)
  A black bear (D:11)
  5 orc warriors
  A sky beast (D:8)
  3 slaves
  5 ice beasts
  5 ogres
  A necrophage (D:8)
  9 centaurs
  9 crocodiles
  7 big kobolds
  15 bullfrogs
  A wyvern skeleton (D:10)
  A scorpion (D:5)
  11 killer bees
  5 wights (D:11)
  A howler monkey (D:7)
  5 crimson imps
  A bullfrog zombie (D:8)
  5 orc priests
  3 centaur skeletons
  4 jellies
  A bullfrog skeleton (D:7)
  6 hounds
  11 orc wizards
  3 iguanas
  15 worker ants
  A hell rat (Lair:1)
  A hound zombie (D:8)
  A hound skeleton (D:11)
  A worker ant zombie (D:7)
  12 adders
  7 river rats (Lair:1)
  A shadow imp (D:8)
  3 oozes
  2 worms
  An adder skeleton (D:10)
  2 adder zombies
  2 dart slugs (D:1)
  5 leopard geckos
  41 orcs
  5 bats
  7 giant cockroaches
  7 goblins
  9 hobgoblins
  21 jackals
  9 kobolds
  5 quokkas
  2 ball python skeletons
  5 frilled lizards
  A quokka zombie (D:7)
  11 rats
  A fungus (Lair:1)
393 creatures vanquished.

Vanquished Creatures (collateral kills)
  A titan (D:8)
  A death knight (D:9)
  A kobold demonologist (D:8)
  A water moccasin (D:3)
  A slave (D:3)
  2 phantoms
  A crocodile (Lair:1)
  A bullfrog (D:7)
  An orc priest (D:3)
  2 orc wizards
  A gnoll (D:1)
  An adder (D:2)
  A worm (D:3)
  2 orcs
  A bat (D:2)
  A goblin (D:2)
  A jackal (D:3)
  2 rats (D:2)
22 creatures vanquished.

Vanquished Creatures (others)
  A black mamba (Lair:1)
  A porcupine (Lair:1)
  A ball lightning (Lair:3)
  29 fulminant prisms
  67 fungi
  49 plants
148 creatures vanquished.

Grand Total: 563 creatures vanquished

Notes
Turn   | Place    | Note
-------+----------+-------------------------------------------
     0 | D:1      | Bodigarde the Draconian Wizard began the quest for the Orb.
     0 | D:1      | Reached XP level 1. HP: 14/14 MP: 4/4
   510 | D:1      | Reached XP level 2. HP: 20/20 MP: 0/6
   514 | D:1      | Learned a level 2 spell: Call Imp
   517 | D:1      | Learned a level 2 spell: Blink
  1170 | D:1      | Reached XP level 3. HP: 15/26 MP: 2/7
  1901 | D:1      | Learned a level 3 spell: Conjure Flame
  2445 | D:2      | Reached XP level 4. HP: 33/33 MP: 2/9
  2747 | D:2      | Found a glowing golden altar of the Shining One.
  3754 | D:3      | Found a sparkling altar of Nemelex Xobeh.
  3765 | D:3      | Became a worshipper of Nemelex Xobeh the Trickster
  3789 | D:3      | Received a gift from Nemelex Xobeh
  3793 | D:3      | Learned a level 1 spell: Confusing Touch
  3825 | D:3      | Reached XP level 5. HP: 38/38 MP: 8/10
  4050 | D:3      | Learned a level 3 spell: Mephitic Cloud
  4849 | D:4      | Reached skill level 1 in Polearms
  4849 | D:4      | Reached XP level 6. HP: 45/45 MP: 5/12
  4906 | D:4      | You fall into a shaft and drop 2 floors!
  4935 | D:6      | Found Oseah's Food Shoppe.
  4976 | D:5      | Entered Level 5 of the Dungeon
  5089 | D:4      | Found Baren's Antique Armour Shop.
  5124 | D:4      | Noticed a slave
  5124 | D:4      | Noticed a slave
  5133 | D:4      | Reached skill level 5 in Conjurations
  5579 | D:4      | Killed a slave
  5606 | D:4      | Noticed Pikel
  5669 | D:4      | Found Retwudah's Book Emporium.
  5753 | D:4      | Noticed a slave
  5766 | D:4      | Killed a slave
  5775 | D:4      | Noticed a slave
  5799 | D:3      | Killed a slave
  5986 | D:3      | Killed a slave
  6244 | D:3      | Noticed Pikel
  6244 | D:3      | Pikel changed into Pikel the hog
  6258 | D:3      | Killed Pikel the hog
  6508 | D:4      | Reached skill level 2 in Polearms
  6640 | D:4      | Found Yganawk's Serpentskin Sales.
  6640 | D:4      | Noticed a water moccasin
  6641 | D:4      | Noticed a water moccasin
  6667 | D:3      | Killed a water moccasin
  6667 | D:3      | Reached skill level 1 in Fire Magic
  6667 | D:3      | Reached skill level 1 in Air Magic
  6667 | D:3      | Reached skill level 1 in Poison Magic
  6667 | D:3      | Your scales start taking on a rich purple colour.
  6667 | D:3      | Reached skill level 5 in Spellcasting
  6667 | D:3      | Reached XP level 7. HP: 14/50 MP: 5/15
  7008 | D:4      | Found Yregoc's Jewellery Shoppe.
  7159 | D:4      | Reached skill level 1 in Invocations
  7527 | D:4      | Found a runed translucent door.
  7527 | D:4      | Noticed evildog's ghost (novice GrFi)
  7550 | D:4      | Found a runed translucent door.
  7620 | D:4      | Found Zapp's Distillery.
  7952 | D:5      | Reached XP level 8. HP: 51/57 MP: 8/16
  8006 | D:5      | Received a gift from Nemelex Xobeh
  8007 | D:5      | Reached * piety under Nemelex Xobeh
  8442 | D:5      | Reached skill level 3 in Polearms
  9378 | D:6      | Found a transporter.
  9423 | D:6      | Received a gift from Nemelex Xobeh
  9442 | D:6      | Found a transporter.
  9443 | D:6      | Noticed Curus's ghost (novice HOBe)
  9708 | D:6      | Reached skill level 4 in Polearms
  9997 | D:6      | Found a staircase to the Ecumenical Temple.
 10007 | Temple   | Entered the Ecumenical Temple
 10393 | D:7      | Received a gift from Nemelex Xobeh
 10538 | D:7      | Reached skill level 1 in Fighting
 10662 | D:7      | Reached ** piety under Nemelex Xobeh
 10688 | D:7      | Found an ancient bone altar of Kikubaaqudgha.
 10690 | D:7      | Found a shimmering altar of Xom.
 10690 | D:7      | Found a hide-covered altar of Uskayaw.
 11094 | D:7      | Reached XP level 9. HP: 67/67 MP: 11/17
 11476 | D:8      | Received a gift from Nemelex Xobeh
 11617 | D:8      | Found a sacrificial altar of Ru.
 11710 | D:8      | Reached skill level 5 in Polearms
 11813 | D:8      | Noticed a six-headed hydra
 11816 | D:8      | Noticed an entropy weaver
 11816 | D:8      | a six-headed hydra changed into an entropy weaver
 11823 | D:8      | Killed an entropy weaver
 11823 | D:8      | Reached skill level 6 in Polearms
 11823 | D:8      | Reached skill level 5 in Invocations
 11963 | D:8      | Noticed Harold
 11970 | D:8      | Noticed Erica
 11980 | D:8      | Killed Harold
 11980 | D:8      | Reached skill level 7 in Polearms
 11980 | D:8      | Reached XP level 10. HP: 59/79 MP: 7/18
 11992 | D:8      | Killed Erica
 11992 | D:8      | Reached skill level 5 in Fighting
 12803 | D:8      | Noticed Gastronok
 12929 | D:8      | Noticed Gastronok
 12929 | D:8      | Gastronok changed into Gastronok the titan
 12939 | D:8      | Killed Gastronok the titan
 12939 | D:8      | Reached skill level 8 in Polearms
 12939 | D:8      | Reached skill level 5 in Dodging
 13251 | D:8      | Reached skill level 9 in Polearms
 13553 | D:4      | Bought a book of Geomancy for 385 gold pieces
 13559 | D:4      | Learned a level 5 spell: Lee's Rapid Deconstruction
 13671 | D:9      | Reached skill level 1 in Earth Magic
 13889 | D:9      | Found a basalt altar of Yredelemnul.
 14204 | D:9      | Reached XP level 11. HP: 66/90 MP: 11/20
 14373 | D:9      | Received a gift from Nemelex Xobeh
 14386 | D:9      | Noticed a death knight
 14731 | D:9      | Noticed a two-headed ogre
 14802 | D:9      | Killed a two-headed ogre
 15735 | D:9      | Killed a death knight
 15796 | D:9      | Received a gift from Nemelex Xobeh
 15906 | D:9      | Found a runed translucent gate.
 15906 | D:9      | Found a runed translucent gate.
 15906 | D:9      | Found a runed translucent gate.
 15906 | D:9      | Noticed a white ugly thing
 15906 | D:9      | Noticed a purple ugly thing
 15906 | D:9      | Noticed a cyan ugly thing
 15906 | D:9      | Noticed a purple ugly thing
 15906 | D:9      | Noticed a purple ugly thing
 16113 | D:9      | Reached *** piety under Nemelex Xobeh
 16283 | D:4      | Bought a book of Conjurations for 330 gold pieces
 16288 | D:4      | Learned a level 4 spell: Fulminant Prism
 16420 | D:10     | Entered Level 10 of the Dungeon
 17246 | D:10     | Reached skill level 1 in Hexes
 17291 | D:10     | Received a gift from Nemelex Xobeh
 18768 | D:11     | Noticed a red ugly thing
 18771 | D:11     | Noticed a red ugly thing
 18779 | D:11     | Killed a red ugly thing
 19163 | D:11     | Reached skill level 5 in Earth Magic
 19312 | D:11     | Received a gift from Nemelex Xobeh
 19320 | D:11     | Found a staircase to the Orcish Mines.
 19602 | D:11     | Noticed a six-headed hydra
 19615 | D:11     | Killed a six-headed hydra
 19801 | D:11     | Noticed Josephine
 19816 | D:11     | Reached skill level 10 in Polearms
 19816 | D:11     | Killed Josephine
 19816 | D:11     | Reached XP level 12. HP: 100/100 MP: 1/23
 20197 | D:11     | Noticed a seven-headed hydra
 20804 | D:11     | Found a staircase to the Lair.
 21353 | D:11     | Noticed Urug
 21399 | D:11     | Killed Urug
 22234 | D:10     | Killed a seven-headed hydra
 22677 | Lair:1   | Entered Level 1 of the Lair of Beasts
 23256 | D:11     | Found a staircase to the Lair.
 23581 | D:11     | Found a staircase to the Orcish Mines.
 23909 | Lair:1   | Received a gift from Nemelex Xobeh
 23910 | Lair:1   | Found a stormy altar of Qazlal.
 24506 | Lair:1   | Reached skill level 5 in Hexes
 24604 | Lair:1   | Reached **** piety under Nemelex Xobeh
 25409 | Lair:1   | Received a gift from Nemelex Xobeh
 25972 | Lair:2   | Received a gift from Nemelex Xobeh
 27276 | Lair:1   | Learned a level 4 spell: Iskenderun's Mystic Blast
 28028 | Lair:3   | Received a gift from Nemelex Xobeh
 28043 | Lair:3   | Reached skill level 11 in Polearms
 28045 | Lair:3   | Reached XP level 13. HP: 110/110 MP: 25/25
 28604 | Lair:3   | Found a runed translucent gate.
 28604 | Lair:3   | Found a runed translucent gate.
 28604 | Lair:3   | Found a runed translucent gate.
 28604 | Lair:3   | Noticed Dikli's ghost (journeyman MiBe)
 29521 | Lair:3   | Found a staircase to the Swamp.
 29772 | Lair:3   | You fall into a shaft and drop 3 floors!
 29772 | Lair:6   | Entered Level 6 of the Lair of Beasts
 29783 | Lair:5   | Found a viscous altar of Jiyva.
 29783 | Lair:5   | Found a staircase to the Slime Pits.
 29813 | Lair:5   | HP: 4/110 [wolf (12)]
 29813 | Lair:5   | Slain by a yak

Levels and vault maps discovered:
D:1:      dpeg_arrival_rooms_c, layout_basic, minmay_3d_cube
D:2:      layout_rooms, lemuel_doored_altar, first_ration
D:3:      layout_basic, nemelex_xobeh_ov_fountains_minmay, hex_tiny
D:4:      layout_basic, ebering_ghost_sewer_f, serial_shops,
          nicolae_shop_competitors_out_of_business, nicolae_shop_crystal,
          nicolae_shop_statue_plus, nicolae_shop_waterfront,
          guppyfry_shop_venom, uniq_pikel
D:5:      layout_basic
D:6:      layout_cave_pods, temple_hall, gammafunk_ghost_stat_death,
          serial_shops, nicolae_shop_window_shopping
D:7:      layout_basic, chequers_temple_overflow_statue_of_worship
D:8:      minmay_goldmine, layout_cave_pools, overflow_temple_1_default,
          serial_park_tiny_2, uniq_harold, uniq_gastronok, uniq_erica
D:9:      layout_loops_corners, nicolae_overflow_crystal_walls,
          ploomutoo_gammafunk_ghost_potion_laboratory, grunt_ogre_cave
D:10:     layout_loops_corners, minmay_unpleasant_kobolds
D:11:     layout_loops_ring, due_lair_maze_entry_diamond, orc_0_dummy,
          uniq_josephine, uniq_urug
D:12:     layout_gridville, nicolae_trove_entry_crossroad, serial_shops, shop,
          shop, shop, shop, shop
Temple:   regret_index_temple_waves
Lair:1:   layout_long_grid, basic_altar, kennysheep_rathole
Lair:2:   layout_cave_shapes, minmay_lair_oklob_chamber
Lair:3:   layout_regular_city, minmay_swamp_entry_reptiles,
          nicolae_spider_entry_orb_guardian, gammafunk_ghost_necromancy,
          st_stairs_6, minmay_lindwurm_lava, infiniplex_staircase_pool
Lair:5:   layout_gridlike, slime_altar_1, serial_bayou_pond_c
Lair:6:   guppyfry_lair_end_dragon, layout_regular_city,
          hangedman_lair_caniforms_friends, lemuel_fruit_fields,
          grunt_megastairs_4

Skill      XL: |  1  2  3  4  5  6  7  8  9 10 11 12 13 |
---------------+----------------------------------------+-----
Conjurations   | 2 3 4 5 |  5.3
Spellcasting   | 4 5 6 7 8 9 |  9.0
Polearms       | 1 2 4 7 9 10 11 | 11.3
Fire Magic     | 1 2 3 |  3.0
Air Magic      | 1 2 3 |  3.0
Poison Magic   | 1 2 3 |  3.0
Invocations    | 1 4 5 |  5.5
Summonings     | 2 3 |  3.0
Translocations | 2 3 |  3.0
Fighting       | 1 4 6 8 9 |  9.6
Dodging        | 2 4 5 6 8 |  8.2
Earth Magic    | 2 5 6 7 |  7.1
Hexes          | 3 5 |  5.0
Stealth        | 2 3 |  3.4

Action                   |  1- 3 |  4- 6 |  7- 9 | 10-12 | 13-15 || total
-------------------------+-------+-------+-------+-------+-------++-------
Melee: Unarmed           |    21 |       |       |       |       ||    21
       Tailslap          |     3 |     2 |     4 |    48 |     3 ||    60
       Dagger            |     1 |     1 |       |       |       ||     2
       Spear             |       |    51 |    31 |       |       ||    82
       Trident           |       |       |    45 |   845 |    33 ||   923
Throw: Stone             |       |       |    13 |       |       ||    13
       Dart              |       |       |       |     3 |     3 ||     6
 Cast: Magic Dart        |    88 |   176 |   276 |   402 |       ||   942
       Call Imp          |     5 |    16 |    15 |     8 |       ||    44
       Conjure Flame     |       |     7 |    18 |    75 |     2 ||   102
       Mephitic Cloud    |       |     4 |     5 |    24 |       ||    33
       Confusing Touch   |       |       |     3 |    49 |     2 ||    54
       Fulminant Prism   |       |       |       |    28 |     1 ||    29
       Lee's Rapid Decon |       |       |       |    40 |    31 ||    71
       Blink             |       |       |       |     8 |       ||     8
       Iskenderun's Myst |       |       |       |     1 |    19 ||    20
 Abil: Draw Destruction  |       |     7 |    12 |    15 |     9 ||    43
       Draw Escape       |       |     1 |       |     6 |     1 ||     8
       Breathe Dispellin |       |       |     3 |     8 |     2 ||    13
       Draw Summoning    |       |       |       |     2 |       ||     2
Evoke: Wand              |       |       |       |     6 |       ||     6
  Use: Scroll            |       |       |     9 |     9 |     1 ||    19
       Potion            |       |       |       |       |     1 ||     1
 Stab: Distracted        |       |     1 |       |     1 |       ||     2
       Confused          |       |       |     1 |    24 |       ||    25
       Sleeping          |       |       |       |     1 |       ||     1
  Eat: Chunk             |     5 |    10 |     8 |    42 |     6 ||    71
       Ration            |       |     1 |     3 |     6 |     2 ||    12
Armor: Skin              |    16 |    34 |    24 |   117 |     6 ||   197
Dodge: Dodged            |    48 |    59 |    51 |   304 |    35 ||   497
